 Dungeon Crawl Stone Soup version 0.30-a0-847-g17996783a1 (webtiles) character file.

Game seed: 4676388409670794252

48 Ceno the Sneak (level 3, -10/17 HPs)
             Began as a Felid Delver on Mar 3, 2023.
             Shot with an arrow by a centaur (11 damage)
             ... on level 5 of the Dungeon.
             The game lasted 00:02:47 (521 turns).

Ceno the Sneak (Felid Delver)                        Turns: 521, Time: 00:02:48

Health: -10/17     AC:  1    Str:  8    XL:     3   Next: 50%
Magic:  4/4        EV: 17    Int: 11    God:
Gold:   48         SH:  0    Dex: 19    Spells: 2/2 levels left
                                        Lives:  0   Deaths: 1

rFire   . . .      SeeInvis +      - Unarmed
rCold   . . .      Faith    .    (shield unavailable)
rNeg    . . .      Spirit   .    (body armour unavailable)
rPois   .          Reflect  .    (helmet unavailable)
rElec   .          Rampage  .    (cloak unavailable)
rCorr   .                        (gloves unavailable)
Will    .....                    (boots unavailable)
Stlth   ++++                     (no amulet)
HPRegen 0.22/turn                (no ring)
MPRegen 0.09/turn                (no ring)

@: quick
A: very small, claws 1, fangs 3, see invisible, speed 1, shaggy fur 1, stealthy
paws, no weapons or thrown items, no armour, multi-lived
a: no special abilities


You were on level 5 of the Dungeon.
You visited 1 branch of the dungeon, and saw 2 of its levels.

You collected 48 gold pieces.

Inventory:

Wands
 e - a wand of digging (3)
Scrolls
 a - a scroll of fog
 b - a scroll of magic mapping
 c - a scroll of fear


   Skills:
 + Level 3.5 Fighting
 - Level 2.6 Dodging
 * Level 7.7 Stealth
 * Level 3.3 Unarmed Combat


You had 2 spell levels left.
You didn't know any spells.
Your spell library was empty.

Dungeon Overview and Level Annotations

Branches:
Dungeon (6/15)
 Temple: D:4-7

Altars:


Innate Abilities, Weirdness & Mutations

You have sharp claws.
You have razor-sharp teeth.
You have supernaturally acute eyesight. (SInv)
You cover ground quickly. (Speed+)
You are covered in fur. (AC +1)
Your paws help you pounce on unaware monsters.
You are incapable of wielding weapons or throwing items.
You cannot wear armour.
You gain extra lives every three experience levels.


Message History

You scratch the adder.
The adder is severely wounded.
* * * LOW HITPOINT WARNING * * *
You feel sick.
You miss the adder.
The adder is severely wounded.
* * * LOW HITPOINT WARNING * * *
You feel sick. The adder closely misses you.
You barely miss the adder.
The adder is severely wounded.
You die...
You feel sick. The adder closely misses you.
You are now level 3!
You rejoin the land of the living...
A centaur comes into view.
There are monsters nearby!
The orc shouts!
The orc barely misses you. The orc barely misses you.
The orc closely misses you.
You open the door.
A hound comes into view.
The hound barks!
You hear a shout!
You hear an angry growl.
You hear a shout!
An orc comes into view. It is wielding a +0 falchion.
The hound bites you.
The centaur wields a +0 shortbow.
The centaur shoots an arrow.
The arrow hits you! The orc closely misses you.
There is an open door here.
You barely miss the orc. The hound bites you.
* * * LOW HITPOINT WARNING * * *
The centaur shoots an arrow.
The arrow closely misses you. The hound bites you.
* * * LOW HITPOINT WARNING * * *
The orc grunts noisily.
The orc misses you.
You scratch the orc. You bite the orc.
You kill the orc!
The centaur shoots an arrow.
The arrow closely misses you. The hound bites you but does no damage.
The centaur shoots an arrow.
The arrow hits you!
Ouch! That really hurt!
You die...

#......#
....#########......#
...................#
.......######......####
.....c. #.........#
....o.. #.####....#
....... #.####....#
.......### #.........##
......h@.# #####.......
.......#)#### #.......
.#######O...## #.......
####..####.......
##............
#####........ #........
##.##.... #..>.....


You could see an ogre, a centaur, a hound and an orc.

Vanquished Creatures
  A scorpion (D:6)
  A howler monkey (D:5)
  A white imp (D:5)
  An orc (D:5)
4 creatures vanquished.

Notes
Turn   | Place    | Note
-------+----------+-------------------------------------------
     0 | D:5      | Ceno the Felid Delver began the quest for the Orb.
     0 | D:5      | Reached XP level 1. HP: 10/10 MP: 2/2
    18 | D:5      | Noticed an ogre
    21 | D:5      | Noticed a jelly
    38 | D:6      | Noticed a water moccasin
    53 | D:6      | Noticed a hound
    62 | D:6      | Noticed a scorpion
    64 | D:6      | Killed a scorpion
    65 | D:6      | Reached skill level 7 in Stealth
    65 | D:6      | Reached XP level 2. HP: 14/14 MP: 3/3
    65 | D:6      | Reached XP level 3. HP: 17/17 MP: 4/4
   336 | D:5      | Reached XP level 4. HP: 12/21 MP: 5/5
   467 | D:5      | HP: 1/21 [poisoned by an adder]
   468 | D:5      | Succumbed to an adder's poison
   469 | D:5      | Reached XP level 3. HP: 0/17 MP: 4/4
   484 | D:5      | Noticed a centaur
   521 | D:5      | Shot with an arrow by a centaur

Illustrated notes

Levels and vault maps discovered:
D:5:      layout_basic
D:6:      layout_basic, jmf_multi_god_temple2, nicolae_overflow_crystal_walls,
          minmay_temple_entry_wispy, kennysheep_nondescript, serial_bayou_pond_c

Skill      XL: |  1 |
---------------+----+-----
Stealth        | 7 |  7.7
Unarmed Combat | 3 |  3.3
Fighting       | |  3.5
Dodging        | |  2.6

Action                     |  1- 3 |  4- 6 || total
---------------------------+-------+-------++-------
  Melee: Unarmed           |     8 |    14 ||    22
         Bite              |     2 |     1 ||     3
    Use: Potion            |       |     1 ||     1
   Stab: Sleeping          |     1 |       ||     1
 Armour: Skin              |     1 |       ||     1
  Dodge: Dodged            |    10 |    10 ||    20

Table legend: (Time is in decaauts)
 A = Elapsed time spent in this place.
 B = Non-inter-level travel time spent in this place.
 C = Inter-level travel time spent in this place.
 D = Time resting spent in this place.
 E = Time spent auto-exploring this place.
 F = Levels seen in this place.
 G = Mean time per level.
                   A        B        C        D        E       F      G
               +--------+--------+--------+--------+--------+-----+--------+
         Total |    436 |    436 |      0 |     46 |      0 |   2 |  218.0 |
       Dungeon |    436 |    436 |      0 |     46 |      0 |   2 |  218.0 |
               +--------+--------+--------+--------+--------+-----+--------+

Top non-repeatable levels by time:
     D:6: 228 daAuts
     D:5: 208 daAuts
